[Event "Early-Titled-Tuesday-Blitz-May-14-2024"]
[Site "Chess.com"]
[Date "2024.05.14"]
[Round "11"]
[White "laurenzchess"]
[Black "only_strong_moves"]
[Result "0-1"]
[WhiteElo "2497"]
[BlackElo "2691"]
[TimeControl "180+1"]
[EndTime "10:05:36 PDT"]
[Termination "only_strong_moves won by resignation"]

1. c4 g6 2. e4 Bg7 3. d4 d6 4.
Nc3 Nf6 5. h3 O-O 6. Be3 b6 7.
g4 Bb7 8. Bg2 c5 9. Nge2 cxd4 10. Nxd4 Nc6 11. e5 Nxd4 12. Bxb7 dxe5 13. g5 Nh5 14.
Bxa8 Qxa8 15. f3 Nxf3+ 16. Kf2 Nh4 17. Qd5 Qc8 18. Rag1 Qf5+ 19. Ke2 Qc2+ 20. Qd2 Qf5 21. Qd5 Qc2+ 22. Qd2 Qxd2+ 23. Bxd2 Nf5 24. Nd5 e6 25.
Nb4 Nhg3+ 26. Kf3 Nxh1 27. Rxh1 Rd8 28. Bc3 e4+ 29. Kxe4 Ng3+ 0-1

[Event "Early-Titled-Tuesday-Blitz-May-14-2024"]
[Site "Chess.com"]
[Date "2024.05.14"]
[Round "11"]
[White "MatyChess1"]
[Black "chess_sharparchitect"]
[Result "1-0"]
[WhiteElo "2622"]
[BlackElo "2343"]
[TimeControl "180+1"]
[EndTime "10:05:42 PDT"]
[Termination "MatyChess1 won by checkmate"]

1. e4 c5 2. Nf3 d6 3. d4 cxd4 4. Nxd4 Nf6 5. Nc3 a6 6. a4 e5 7. Nf3 Be7 8. Bg5 Be6 9. Bxf6 Bxf6 10. Nd5 Nd7 11. Bc4 Rc8 12. Ba2 O-O 13. O-O Nc5 14.
Nd2 Bg5 15. Re1 b5 16. axb5 axb5 17. Nb3 Na4 18. Qb1 Bxd5 19. exd5 Nb6 20. Na5 Bd2 21. Nc6 Qg5 22. Re2 f5 23. h4 Qh6 24. Ne7+ Kh8 25. Nxc8 Rxc8 26. Bb3 Bb4 27. c3 Bc5 28. Qxf5 Qxh4 29.
g3 Qh6 30. Kg2 Re8 31. Rh1 Qf6 32. Qxh7# 1-0

[Event "Early-Titled-Tuesday-Blitz-May-14-2024"]
[Site "Chess.com"]
[Date "2024.05.14"]
[Round "11"]
[White "Dewarfd"]
[Black "mostafa_sakha"]
[Result "0-1"]
[WhiteElo "2092"]
[BlackElo "2339"]
[TimeControl "180+1"]
[EndTime "10:05:42 PDT"]
[Termination "mostafa_sakha won by resignation"]

1. d4 Nf6 2. e3 e6 3. Nf3 d5 4.
Bd3 Bd6 5. O-O O-O 6. b3 c5 7. Bb2 b6 8. Nbd2 Ba6 9. c4 Nc6 10. a3 cxd4 11. exd4 dxc4 12. bxc4 Na5 13. Qe2 Rc8 14.
Rfc1 Qe7 15. h3 Rfd8 16. c5 Bxd3 17. cxd6 Bxe2 18. dxe7 Re8 19. Rxc8 Rxc8 20. Rc1 Rxc1+ 21. Bxc1 Bxf3 22. Nxf3 Nc6 23. Ne5 Nxe7 24. Bd2 Nfd5 25. Bb4 Nxb4 26. axb4 a5 27. bxa5 bxa5 28. Kf1 a4 29.
Ke1 a3 30. Nd3 a2 31. Ke2 a1=Q 0-1

[Event "Early-Titled-Tuesday-Blitz-May-14-2024"]
[Site "Chess.com"]
[Date "2024.05.14"]
[Round "11"]
[White "francyIM"]
[Black "ReadySkate"]
[Result "1-0"]
[WhiteElo "2865"]
[BlackElo "2735"]
[TimeControl "180+1"]
[EndTime "10:05:50 PDT"]
[Termination "francyIM won by resignation"]

1. e4 c5 2. e5 Nc6 3. f4 d6 4. Nf3 g6 5. Bb5 Bd7 6. Qe2 Bg7 7. exd6 e6 8. Nc3 a6 9. Bd3 Nd4 10. Nxd4 cxd4 11. Ne4 Nf6 12. c4 dxc3 13. bxc3 Bc6 14.
Ba3 O-O 15. O-O Qa5 16. Bb4 Qb6+ 17. Bc5 Qa5 18. Bb4 Qb6+ 19. Bc5 Qa5 20. Nxf6+ Bxf6 21. Qe3 Rac8 22. a4 Rfd8 23. Rf2 Rd7 24. Be2 Bd5 25.
Bb6 Rxc3 26. dxc3 Qxc3 27. Qxc3 Bxc3 28. Rc1 Bb4 29. Rc8+ Kg7 30. Bd4+ Kh6 31. g4 g5 32. Rg8 1-0

[Event "Early-Titled-Tuesday-Blitz-May-14-2024"]
[Site "Chess.com"]
[Date "2024.05.14"]
[Round "11"]
[White "xasid81"]
[Black "Abund"]
[Result "1-0"]
[WhiteElo "2625"]
[BlackElo "2780"]
[TimeControl "180+1"]
[EndTime "10:05:50 PDT"]
[Termination "xasid81 won by checkmate"]

1. Nf3 g6 2. d4 Bg7 3. e4 d6 4. Nc3 Bd7 5. Bc4 e5 6. dxe5 dxe5 7. Qd5 Be6 8. Qxb7 Nd7 9. Bxe6 fxe6 10. Qc6 Ne7 11.
Qxe6 Nc5 12. Qc4 Qd6 13. Be3 Ne6 14. Nb5 Qd7 15. Rd1 Nd4 16. Nxc7+ Kf8 17. Bxd4 Rc8 18. Ne6+ Kg8 19. Bc5 Qe8 20. Nd8+ Kf8 21. Ng5 Rxc5 22. Nge6+ Kg8 23. Nxc5+ Kf8 24. Nd7+ Qxd7 25. Qf7# 1-0

[Event "Early-Titled-Tuesday-Blitz-May-14-2024"]
[Site "Chess.com"]
[Date "2024.05.14"]
[Round "11"]
[White "MaxLeto"]
[Black "Nasrin_Babayeva"]
[Result "1-0"]
[WhiteElo "2393"]
[BlackElo "1975"]
[TimeControl "180+1"]
[EndTime "10:05:51 PDT"]
[Termination "MaxLeto won by resignation"]

1. a3 d6 2. b3 e5 3. c3 f5 4. d3 Nf6 5. e3 g6 6. f3 Bg7 7.
g3 O-O 8. h3 c5 9. Ne2 Nc6 10.
Bg2 Be6 11. Bb2 d5 12. Nd2 e4 13. Nf4 Bf7 14. fxe4 dxe4 15. d4 cxd4 16. cxd4 g5 17. Ne2 Nd5 18. Nf1 f4 19. exf4 gxf4 20. Bxe4 fxg3 21.
Qd3 Nf6 22. Nfxg3 Nxe4 23. Nxe4 Qh4+ 24. N2g3 Na5 25. O-O-O Nxb3+ 26. Kb1 Rad8 27. Nf5 Qe7 28. Nxe7+ 1-0

[Event "Early-Titled-Tuesday-Blitz-May-14-2024"]
[Site "Chess.com"]
[Date "2024.05.14"]
[Round "11"]
[White "Casper"]
[Black "Sasha_Solovev_777"]
[Result "1-0"]
[WhiteElo "2511"]
[BlackElo "2233"]
[TimeControl "180+1"]
[EndTime "10:05:57 PDT"]
[Termination "Casper won by resignation"]

1. e4 c5 2. Nc3 d6 3. Bc4 e6 4. d4 cxd4 5. Qxd4 Nc6 6. Qe3 Nf6 7. Nf3 Be7 8. O-O O-O 9. Rd1 a6 10. a4 Qc7 11. Qe2 Ne5 12. Nxe5 dxe5 13. Be3 b6 14. a5 b5 15. Bd3 Bb7 16. Bb6 Qc6 17. Qe3 Rac8 18. f3 Bc5 19. Bxc5 Qxc5 20. Kf2 Qb4 21. Qb6 Qxb2 22. Ne2 Qb4 23. Qxb7 Qc5+ 24. Kf1 Rc6 25. c4 bxc4 26. Bxc4 Qxc4 27. Rac1 Rc7 28. Qxc7 Qxc7 29. Rxc7 1-0

[Event "Early-Titled-Tuesday-Blitz-May-14-2024"]
[Site "Chess.com"]
[Date "2024.05.14"]
[Round "11"]
[White "MikeWizard"]
[Black "PabloZarnicki"]
[Result "0-1"]
[WhiteElo "2011"]
[BlackElo "2548"]
[TimeControl "180+1"]
[EndTime "10:06:01 PDT"]
[Termination "PabloZarnicki won by checkmate"]

1. d4 Nf6 2. c4 g6 3. Nc3 Bg7 4.
e4 d6 5. h3 O-O 6. Be3 Nc6 7.
Nge2 e5 8. d5 Nd4 9. Nxd4 exd4 10.
Bxd4 Re8 11. Bd3 c5 12. dxc6 bxc6 13. O-O c5 14. Be3 Bb7 15. f3 Nh5 16. Qd2 Be5 17.
Bg5 Qd7 18. Nd5 Bxd5 19. exd5 f5 20. Rae1 Ng3 21. Rf2 Bd4 22. Be3 Qe7 23. Bxd4 Qxe1+ 24. Qxe1 Rxe1+ 25. Kh2 f4 26. Bf6 Rh1# 0-1

[Event "Early-Titled-Tuesday-Blitz-May-14-2024"]
[Site "Chess.com"]
[Date "2024.05.14"]
[Round "11"]
[White "TenisMaster"]
[Black "RantomOpening"]
[Result "1-0"]
[WhiteElo "2892"]
[BlackElo "2576"]
[TimeControl "180+1"]
[EndTime "10:06:04 PDT"]
[Termination "TenisMaster won by resignation"]

1. e4 c5 2. Nf3 e6 3. d4 cxd4 4. Nxd4 Nf6 5. Nc3 Nc6 6. a3 d6 7. Be3 Qc7 8. f3 a6 9. g4 h6 10. Qd2 Ne5 11. O-O-O Be7 12. h4 h5 13. g5 Nfd7 14. f4 Ng4 15. g6 Ndf6 16. gxf7+ Kxf7 17. Nf3 Nxe3 18. Ng5+ Ke8 19. Qxe3 Ng4 20. Qd2 Bd7 21. f5 exf5 22. Nd5 Qc5 23. exf5 Ne5 24. Ne6 Bxe6 25. fxe6 Rc8 26. Kb1 Bf6 27. Be2 Rc6 28. Rhf1 Rf8 29. Bxh5+ Kd8 30. Rxf6 1-0

[Event "Early-Titled-Tuesday-Blitz-May-14-2024"]
[Site "Chess.com"]
[Date "2024.05.14"]
[Round "11"]
[White "viktorskliarov"]
[Black "Gangster-accountant01"]
[Result "0-1"]
[WhiteElo "2679"]
[BlackElo "2577"]
[TimeControl "180+1"]
[EndTime "10:06:06 PDT"]
[Termination "Gangster-accountant01 won by resignation"]

1. e4 g6 2. d4 Bg7 3. Nc3 d6 4.
Be3 Nf6 5. f3 Nbd7 6. Qd2 e5 7.
Nge2 exd4 8. Nxd4 O-O 9. O-O-O a6 10. g4 Ne5 11. Be2 b5 12. g5 Nh5 13. f4 Ng4 14. Bxg4 Bxg4 15. Rdg1 Bd7 16. Nde2 Re8 17. Ng3 Nxg3 18. hxg3 b4 19. Nd5 Rxe4 20. Nf6+ Bxf6 21. gxf6 Qxf6 22. Rd1 Bg4 23. Bd4 Qe6 24. f5 Qxa2 25. b3 Bxd1 26. Rxd1 Rae8 27. Qh6 Rxd4 28. Rxd4 Qa1+ 0-1

[Event "Early-Titled-Tuesday-Blitz-May-14-2024"]
[Site "Chess.com"]
[Date "2024.05.14"]
[Round "11"]
[White "ChessSwole"]
[Black "FREDERICKtheMATE"]
[Result "1-0"]
[WhiteElo "2609"]
[BlackElo "2665"]
[TimeControl "180+1"]
[EndTime "10:06:06 PDT"]
[Termination "ChessSwole won by resignation"]

1. d4 d5 2. Nf3 c6 3. c4 Nf6 4. Nc3 e6 5. e3 Nbd7 6. Be2 Bd6 7. O-O O-O 8. b3 b6 9. Bb2 Bb7 10. Bd3 c5 11. cxd5 exd5 12. Rc1 Re8 13. h3 Rc8 14. Qe2 Ne4 15. Ba6 Nxc3 16. Bxc3 Bxa6 17. Qxa6 Bb8 18.
Rfd1 c4 19. Bb2 cxb3 20. axb3 h6 21. Qb5 Nf6 22. Ne5 Rxc1 23. Rxc1 Bxe5 24. dxe5 Ne4 25.
Rd1 Re6 26. Qxd5 Qxd5 27. Rxd5 Rc6 28. f3 Ng3 29. Rd8+ Kh7 30. Rd7 Kg6 31. Kf2 Nh1+ 32. Kg1 Ng3 33. Rd6+ Rxd6 34. exd6 Nf5 35. d7 Nxe3 36.
d8=Q 1-0

[Event "Early-Titled-Tuesday-Blitz-May-14-2024"]
[Site "Chess.com"]
[Date "2024.05.14"]
[Round "11"]
[White "IlanSchnaider"]
[Black "Vesper2018"]
[Result "1-0"]
[WhiteElo "2737"]
[BlackElo "2566"]
[TimeControl "180+1"]
[EndTime "10:06:07 PDT"]
[Termination "IlanSchnaider won by checkmate"]

1. e4 c5 2. Nf3 d6 3. d4 cxd4 4. Qxd4 a6 5. Be2 Nc6 6. Qe3 g6 7. O-O Bg7 8. h3 Nf6 9. Rd1 O-O 10. Nc3 Nd7 11. Qf4 e5 12. Qg3 Nc5 13. Be3 Ne6 14. h4 Ncd4 15. Bxd4 exd4 16. Nd5 f5 17. exf5 gxf5 18.
Nxd4 f4 19. Nxe6 Bxe6 20. Nxf4 Bf7 21. Bh5 Qf6 22. Nd5 Bxd5 23. Rxd5 Qxb2 24. Re1 Kh8 25. Rxd6 Qxc2 26. Rd7 Rg8 27. Ree7 Qc3 28. Qxc3 Bxc3 29. Rxh7# 1-0

[Event "Early-Titled-Tuesday-Blitz-May-14-2024"]
[Site "Chess.com"]
[Date "2024.05.14"]
[Round "11"]
[White "cukus"]
[Black "SoCalJuniorChess"]
[Result "1/2-1/2"]
[WhiteElo "2343"]
[BlackElo "2222"]
[TimeControl "180+1"]
[EndTime "10:06:09 PDT"]
[Termination "Game drawn by repetition"]

1. e4 d5 2. exd5 Qxd5 3. Nc3 Qd8 4. d4 Nf6 5. Nf3 Bg4 6. h3 Bxf3 7. Qxf3 c6 8. Be3 e6 9. a3 Be7 10. Bd3 O-O 11. O-O-O Nbd7 12. g4 Nd5 13. Ne4 Qa5 14.
c4 Bxa3 15. cxd5 cxd5 16. bxa3 Qxa3+ 17. Kd2 Qb2+ 18. Ke1 dxe4 19. Bxe4 Nf6 20. Bd3 a5 21. g5 Nd5 22. Kf1 a4 23. h4 a3 24. h5 a2 25. Qe4 f5 26. Qxe6+ Kh8 27. h6 a1=Q 28.
hxg7+ Kxg7 29. Rxh7+ Kxh7 30. Qh6+ Kg8 31. Qg6+ Kh8 32.
Qh6+ Kg8 33. Qg6+ Kh8 34. Qh6+ Kg8 1/2-1/2

[Event "Early-Titled-Tuesday-Blitz-May-14-2024"]
[Site "Chess.com"]
[Date "2024.05.14"]
[Round "11"]
[White "campochess"]
[Black "Mandaloriana19"]
[Result "0-1"]
[WhiteElo "2095"]
[BlackElo "2413"]
[TimeControl "180+1"]
[EndTime "10:06:10 PDT"]
[Termination "Mandaloriana19 won by resignation"]

1. Nc3 c5 2. e4 a6 3. Nf3 d6 4. d4 cxd4 5. Nxd4 g6 6. Be3 Bg7 7. Qd2 Nf6 8. f3 h5 9. h4 b5 10. a3 Bb7 11. Be2 Nbd7 12. Kf2 Rc8 13. Rad1 Ne5 14.
b3 Qa5 15. Nb1 Qc7 16. Rc1 O-O 17. c4 bxc4 18. Bxc4 Nxc4 19. Rxc4 Qd7 20. Rhc1 d5 21.
Rxc8 Rxc8 22. Rxc8+ Qxc8 23. e5 Ne8 24. f4 Qg4 25. g3 Qh3 26. Nf3 Qh1 27. Qc1 Qh3 28.
Ng5 Qh2+ 29. Ke1 Qxg3+ 30. Kd2 d4 31. Bxd4 Qxf4+ 32. Be3 Qxe5 33. Qc4 Qd5+ 34. Qxd5 Bxd5 35. Nc3 Bxb3 36. Nce4 Nd6 37. Nc5 Bc4 38. Nf3 Bb5 39.
Bd4 Nc4+ 40. Kc3 Nxa3 41. Bxg7 Kxg7 42. Nd4 Nc4 43. Kb4 Ne3 44. Nxb5 axb5 45. Kxb5 Nf5 0-1

[Event "Early-Titled-Tuesday-Blitz-May-14-2024"]
[Site "Chess.com"]
[Date "2024.05.14"]
[Round "11"]
[White "luggevoila"]
[Black "Shuvalov"]
[Result "0-1"]
[WhiteElo "2353"]
[BlackElo "2536"]
[TimeControl "180+1"]
[EndTime "10:06:11 PDT"]
[Termination "Shuvalov won by resignation"]

1. e4 e6 2. d4 d5 3. Nd2 c5 4. exd5 exd5 5. Ngf3 Nc6 6. Bd3 c4 7. Be2 Nf6 8. O-O Be7 9. Re1 O-O 10. c3 Bf5 11. a4 h6 12. b3 cxb3 13. Qxb3 Na5 14. Qd1 Rc8 15. Bb2 Qb6 16. Ra2 Rfe8 17. Ne5 Bd6 18.
Ndf3 Ne4 19. Bd3 Bxe5 20. Nxe5 Rxe5 21. f3 Ree8 22. Kf1 Nd6 0-1

[Event "Early-Titled-Tuesday-Blitz-May-14-2024"]
[Site "Chess.com"]
[Date "2024.05.14"]
[Round "11"]
[White "Pumpkin_in_moonlight"]
[Black "Matols"]
[Result "1-0"]
[WhiteElo "2224"]
[BlackElo "2327"]
[TimeControl "180+1"]
[EndTime "10:06:14 PDT"]
[Termination "Pumpkin_in_moonlight won by resignation"]

1. e4 c6 2. d4 d5 3. e5 c5 4. dxc5 e6 5. Nf3 Bxc5 6. Bd3 Ne7 7. O-O Ng6 8. Qe2 O-O 9. Bg5 Qb6 10. b3 Nc6 11. Nbd2 Nd4 12. Qd1 Bd7 13. c3 Nxf3+ 14. Nxf3 Bb5 15. h4 Bxd3 16. Qxd3 h6 17. Bd2 Rfd8 18. h5 Ne7 19. b4 Bxf2+ 20. Rxf2 Nf5 21. Nd4 Nxd4 22. Qxd4 Qc6 23. Raf1 Rd7 24. Qc5 Qxc5 25. bxc5 Rc8 26. Be3 Rc6 27. Bd4 Ra6 28. Rb1 g6 29. Rfb2 Kg7 30. Rxb7 Rxb7 31. Rxb7 Rxa2 32. c6 Ra6 33. c7 Rc6 34. Rxa7 gxh5 35. Bb6 Rxc3 36. Ra8 1-0

[Event "Early-Titled-Tuesday-Blitz-May-14-2024"]
[Site "Chess.com"]
[Date "2024.05.14"]
[Round "11"]
[White "littlepinkyboy"]
[Black "maximnovik"]
[Result "0-1"]
[WhiteElo "2671"]
[BlackElo "2565"]
[TimeControl "180+1"]
[EndTime "10:06:16 PDT"]
[Termination "maximnovik won by checkmate"]

1. e4 e5 2. Nf3 Nc6 3. Bb5 a6 4. Ba4 Nf6 5. O-O Be7 6. Re1 b5 7. Bb3 O-O 8. a4 b4 9. d3 d6 10. Nbd2 Rb8 11. Nf1 Nd7 12. Ne3 Nc5 13.
Bd5 Bd7 14. Bxc6 Bxc6 15. Nf5 Bf6 16. g4 Ne6 17. h4 g6 18. Nh6+ Kh8 19. g5 Bg7 20.
Ng4 f5 21. gxf6 Bxf6 22. Nxf6 Qxf6 23. Kg2 Nd4 24. Re3 Bd7 25. Nxd4 Qxf2+ 26. Kh1 exd4 27.
Re2 Qf3+ 28. Kg1 Qg4+ 29. Kh1 Rf2 30. Qg1 Qh3+ 31. Qh2 Qxh2# 0-1

[Event "Early-Titled-Tuesday-Blitz-May-14-2024"]
[Site "Chess.com"]
[Date "2024.05.14"]
[Round "11"]
[White "talaicito"]
[Black "Darko-Dimitrijevic"]
[Result "0-1"]
[WhiteElo "2347"]
[BlackElo "2214"]
[TimeControl "180+1"]
[EndTime "10:06:19 PDT"]
[Termination "Darko-Dimitrijevic won on time"]

1. d4 Nf6 2. Nc3 e6 3. Bf4 a6 4. e3 d5 5. Nf3 Nc6 6. Bd3 Be7 7. O-O O-O 8. Ne5 Nxe5 9. Bxe5 c5 10. dxc5 Bxc5 11. Ne2 b5 12. Nd4 Bb7 13. c3 Rc8 14. Qb3 Qe7 15. a4 b4 16. cxb4 Bxb4 17. Rfc1 Nd7 18.
Bg3 a5 19. Qd1 e5 20. Nf5 Qe6 21. Qg4 g6 22. Nh6+ Kg7 23. Nf5+ Kh8 24. Nh6 f5 25.
Qe2 Kg7 0-1

[Event "Early-Titled-Tuesday-Blitz-May-14-2024"]
[Site "Chess.com"]
[Date "2024.05.14"]
[Round "11"]
[White "SujanaLohani"]
[Black "alvarorodriguezavila"]
[Result "0-1"]
[WhiteElo "2018"]
[BlackElo "2319"]
[TimeControl "180+1"]
[EndTime "10:06:20 PDT"]
[Termination "alvarorodriguezavila won by checkmate"]

1. e4 g6 2. d4 Bg7 3. Nc3 c5 4. dxc5 Qa5 5. Nf3 Bxc3+ 6. bxc3 Qxc3+ 7. Bd2 Qxc5 8. Bd3 Nc6 9. O-O Nf6 10. Rb1 O-O 11.
Rb5 Qa3 12. e5 Ne8 13. Qb1 d6 14. Be4 Nc7 15. Bxc6 bxc6 16. Ra5 Qxa5 17. Bxa5 Nd5 18. c4 Nf4 19. Qe4 Nh5 20. Qxc6 Be6 21. exd6 Rac8 22. Qb7 exd6 23. Qxa7 Bxc4 24. Rc1 Nf4 25. Nd4 Bd5 26.
Rxc8 Rxc8 27. f3 Nd3 28. Qa6 Rc1+ 29. Be1 Rxe1# 0-1

[Event "Early-Titled-Tuesday-Blitz-May-14-2024"]
[Site "Chess.com"]
[Date "2024.05.14"]
[Round "11"]
[White "mfschulz"]
[Black "th3d4rkness"]
[Result "1-0"]
[WhiteElo "2313"]
[BlackElo "2164"]
[TimeControl "180+1"]
[EndTime "10:06:25 PDT"]
[Termination "mfschulz won on time"]

1. d4 Nf6 2. Bg5 Ne4 3. Bf4 c5 4. f3 Nf6 5. d5 d6 6. e4 e6 7. c4 exd5 8. cxd5 g6 9. Nc3 a6 10. a4 Bg7 11. Qd2 O-O 12. Bd3 Nh5 13. Be3 f5 14. Nge2 fxe4 15. Bxe4 Nd7 16. O-O Ne5 17.
Rad1 Nc4 18. Qc1 Nxe3 19. Qxe3 Bd7 20. g4 Nf6 21. Nf4 b5 22. Ne6 Bxe6 23. dxe6 Nxe4 24. Qxe4 Re8 25. axb5 axb5 26. f4 b4 27. Nd5 Qh4 28.
Nc7 Qxg4+ 29. Kh1 Ra2 30. Rg1 1-0

[Event "Early-Titled-Tuesday-Blitz-May-14-2024"]
[Site "Chess.com"]
[Date "2024.05.14"]
[Round "11"]
[White "Zhigalko_Sergei"]
[Black "Alexchess1984"]
[Result "1-0"]
[WhiteElo "2852"]
[BlackElo "2706"]
[TimeControl "180+1"]
[EndTime "10:06:26 PDT"]
[Termination "Zhigalko_Sergei won by resignation"]

1. e4 e6 2. d4 d5 3. e5 Bd7 4. Nf3 a6 5. c3 Ne7 6. h4 h6 7. h5 c5 8. dxc5 Qc7 9. b4 a5 10.
Na3 Na6 11. Rb1 Nc8 12. Nb5 Bxb5 13. Bxb5+ Kd8 14. O-O Be7 15. Bf4 Na7 16. Ba4 b5 17. cxb6 Qxb6 18. Be3 Qc7 19. b5 Nc8 20. bxa6 Rxa6 21.
c4 Bb4 22. cxd5 1-0

[Event "Early-Titled-Tuesday-Blitz-May-14-2024"]
[Site "Chess.com"]
[Date "2024.05.14"]
[Round "11"]
[White "Josgar05"]
[Black "lamomiajunior"]
[Result "0-1"]
[WhiteElo "2477"]
[BlackElo "2770"]
[TimeControl "180+1"]
[EndTime "10:06:36 PDT"]
[Termination "lamomiajunior won by resignation"]

1. Nf3 Nf6 2. b3 g6 3. Bb2 Bg7 4. g3 O-O 5. Bg2 d6 6. d4 c6 7.
c4 Bf5 8. O-O Nbd7 9. Re1 d5 10.
cxd5 cxd5 11. Nc3 Rc8 12. Rc1 Qa5 13. Qd2 Qa6 14. Ne5 Rfd8 15. Nxd7 Rxd7 16. Na4 Rdd8 17. Nc5 Qb6 18. e3 h5 19. h4 e6 20. Rc3 Ne4 21.
Nxe4 dxe4 22. Rec1 Rxc3 23. Qxc3 Bf6 24. Qc5 Qa6 25.
a4 Qe2 26. Qc2 Qg4 27. b4 g5 28. hxg5 Bxg5 29. Qc7 h4 30. gxh4 Bxh4 31. Qf4 Qxf4 32. exf4 Be7 33. Rc7 Bxb4 34. Rxb7 a5 35. Bf1 Rc8 36.
Bb5 Rc2 37. Rb8+ Kh7 38. d5 Rxb2 39. dxe6 Bxe6 40. Rf8 Bxf8 0-1

[Event "Early-Titled-Tuesday-Blitz-May-14-2024"]
[Site "Chess.com"]
[Date "2024.05.14"]
[Round "11"]
[White "LamaChampetre"]
[Black "Doublekk14"]
[Result "0-1"]
[WhiteElo "2210"]
[BlackElo "2354"]
[TimeControl "180+1"]
[EndTime "10:06:39 PDT"]
[Termination "Doublekk14 won by resignation"]

1. d4 Nf6 2. c4 e6 3. Nf3 d5 4. g3 c5 5. Bg2 Nc6 6. cxd5 exd5 7. Nc3 h6 8. O-O Be7 9. dxc5 Bxc5 10. a3 O-O 11. b4 Bb6 12. Bb2 Be6 13. Nb5 a6 14. Nbd4 Qd7 15. e3 Bh3 16. Nxc6 bxc6 17. Ne5 Qe6 18. Bxh3 Qxh3 19. Qf3 Ne4 20. Nxc6 Nd2 21. Qxd5 Nxf1 22. Rxf1 Qe6 23. Qf3 Rac8 24. Nd4 Qa2 25. Ba1 Bxd4 26. Bxd4 Qxa3 27. Qg4 f6 28. Qe6+ Kh8 29. Bc5 Rg8 30. Qxa6 Qxa6 0-1

[Event "Early-Titled-Tuesday-Blitz-May-14-2024"]
[Site "Chess.com"]
[Date "2024.05.14"]
[Round "11"]
[White "sergeikim"]
[Black "SaiHanThiha"]
[Result "0-1"]
[WhiteElo "2615"]
[BlackElo "2493"]
[TimeControl "180+1"]
[EndTime "10:06:40 PDT"]
[Termination "SaiHanThiha won by resignation"]

1. d4 Nf6 2. c4 g6 3. Nc3 Bg7 4. e4 d6 5. Nge2 c5 6. d5 e6 7. Ng3 exd5 8. cxd5 h5 9. Be2 h4 10. Nf1 h3 11. g4 Qe7 12. Ng3 Rh4 13. f3 Nh7 14.
O-O a6 15. a4 Nd7 16. f4 Bd4+ 17. Kh1 Ndf6 18. e5 dxe5 19. f5 g5 20. Nge4 Nxe4 21. Nxe4 b6 22. Bf3 Bb7 23. d6 Qd7 24. Bxg5 Nxg5 25. Nf6+ Kd8 26. Nxd7 Nxf3 27. Rxf3 Kxd7 28. Qb3 c4 29. Qd1 Rxg4 30. Ra3 Rag8 31. Ra1 Rg1+ 0-1

[Event "Early-Titled-Tuesday-Blitz-May-14-2024"]
[Site "Chess.com"]
[Date "2024.05.14"]
[Round "11"]
[White "romulocardoso"]
[Black "Cheer_Down"]
[Result "0-1"]
[WhiteElo "2318"]
[BlackElo "2450"]
[TimeControl "180+1"]
[EndTime "10:06:40 PDT"]
[Termination "Cheer_Down won by resignation"]

1. e4 e6 2. d4 d5 3. exd5 exd5 4. Nf3 Nf6 5. Bd3 c5 6. c3 c4 7.
Bc2 Bg4 8. O-O Be7 9. h3 Bh5 10. Bf4 Nc6 11. Nbd2 O-O 12. b3 cxb3 13. axb3 Re8 14.
Re1 a6 15. Qb1 Bg6 16. Ne5 Nxe5 17. dxe5 Nd7 18. Bxg6 fxg6 19. Qd3 Nf8 20. Nf3 Ne6 21. Bh2 Qd7 22. Rad1 Red8 23. c4 d4 24. Re2 b5 25. Ne1 Bb4 26. Nc2 Bc3 27. Ne3 Qc6 28.
Nd5 Qc5 29. Qc2 bxc4 30. Nxc3 dxc3 31. Rxd8+ Rxd8 32. Qxc3 Rd1+ 33. Re1 Rxe1+ 34. Qxe1 cxb3 35. Bg3 b2 0-1

[Event "Early-Titled-Tuesday-Blitz-May-14-2024"]
[Site "Chess.com"]
[Date "2024.05.14"]
[Round "11"]
[White "Witik"]
[Black "Eagle_2019"]
[Result "1-0"]
[WhiteElo "2779"]
[BlackElo "2854"]
[TimeControl "180+1"]
[EndTime "10:06:42 PDT"]
[Termination "Witik won by resignation"]

1. d4 d5 2. Nf3 Nf6 3. Bf4 e6 4. Nbd2 Bd6 5. e3 O-O 6. c3 c5 7.
Bd3 Nc6 8. Bg3 b6 9. Qe2 Bb7 10. Rd1 Ne7 11. e4 c4 12. Bb1 dxe4 13. Nxe4 Nxe4 14.
Bxe4 Bxe4 15. Qxe4 Qd7 16. Bxd6 Qxd6 17. Ne5 b5 18.
O-O f6 19. Nf3 Nd5 20. Rfe1 Rfe8 21. g3 Rab8 22. a3 a5 23. Nd2 Qc6 24. Rc1 e5 25. Nf3 exd4 26. Nxd4 Qd7 27. Qf3 b4 28. axb4 axb4 29.
Nf5 bxc3 30. bxc3 g6 31. Rxe8+ Rxe8 32. Rd1 Re5 33. Ne3 Qe6 34. Rxd5 h5 35. Rxe5 Qxe5 36.
Qd5+ 1-0

[Event "Early-Titled-Tuesday-Blitz-May-14-2024"]
[Site "Chess.com"]
[Date "2024.05.14"]
[Round "11"]
[White "Nf3c5"]
[Black "AccioChess"]
[Result "0-1"]
[WhiteElo "2610"]
[BlackElo "2452"]
[TimeControl "180+1"]
[EndTime "10:06:42 PDT"]
[Termination "AccioChess won by resignation"]

1. e4 c5 2. Nc3 e6 3. d4 cxd4 4. Qxd4 Nc6 5. Qd3 Nf6 6. Bf4 Bb4 7. O-O-O O-O 8. Nge2 Qa5 9. Bd6 Ne5 10. Qd4 Bxd6 11. Qxd6 Nfg4 12. Nf4 Nxf2 13. Nfd5 exd5 14. Qxe5 Nxd1 15.
Nxd5 Qe1 16. Bd3 Qxh1 17. Kd2 d6 18. Qg3 Qg1 19. Qg5 Be6 20. Nf6+ Kh8 21. e5 Qe3+ 22. Qxe3 Nxe3 23. Kxe3 gxf6 0-1

[Event "Early-Titled-Tuesday-Blitz-May-14-2024"]
[Site "Chess.com"]
[Date "2024.05.14"]
[Round "11"]
[White "nabukatnezarr"]
[Black "sokidze"]
[Result "0-1"]
[WhiteElo "2634"]
[BlackElo "2806"]
[TimeControl "180+1"]
[EndTime "10:06:46 PDT"]
[Termination "sokidze won by resignation"]

1. b3 d5 2. Bb2 c5 3. e3 Nf6 4.
Nf3 g6 5. c4 dxc4 6. bxc4 Bg7 7. Be2 O-O 8. O-O Nc6 9. Nc3 Bf5 10. d3 Qd7 11. Rb1 Rfd8 12. e4 Bg4 13. Nd5 Ne8 14. Bxg7 Nxg7 15. Ne1 Bxe2 16. Qxe2 Ne6 17. f4 Ned4 18. Qe3 Kg7 19. h4 e6 20. Nc3 f5 21.
h5 gxh5 22. exf5 exf5 23. Nd5 Re8 24. Qg3+ Kh8 25. Qg5 Qf7 26. Nf6 Re6 27. Nxh5 Rg8 28. Qh4 Rh6 29. Nf3 Rxh5 30. Ng5 Rgxg5 31. fxg5 Rxh4 0-1

[Event "Early-Titled-Tuesday-Blitz-May-14-2024"]
[Site "Chess.com"]
[Date "2024.05.14"]
[Round "11"]
[White "The_Machine04"]
[Black "ajeale2"]
[Result "0-1"]
[WhiteElo "2668"]
[BlackElo "2527"]
[TimeControl "180+1"]
[EndTime "10:06:48 PDT"]
[Termination "ajeale2 won on time"]

1. d4 d5 2. Nf3 Nf6 3. e3 e6 4.
Nbd2 c5 5. c3 Nc6 6. Bd3 Bd6 7.
O-O O-O 8. dxc5 Bxc5 9. b4 Bd6 10. Bb2 Ne5 11. Nxe5 Bxe5 12. a3 Bd7 13. Nf3 Bd6 14. c4 dxc4 15. Bxc4 Bc6 16. b5 Be4 17. Nd2 Bg6 18.
Qf3 Bh5 19. Qxb7 Bxh2+ 20. Kxh2 Ng4+ 21. Kg1 Qxd2 22. Bd4 e5 23. Bxa7 Qd6 24. b6 e4 25.
g3 Ne5 26. Qd5 Qf6 27. Ra2 Bf3 28. Qxe5 Qxe5 0-1

[Event "Early-Titled-Tuesday-Blitz-May-14-2024"]
[Site "Chess.com"]
[Date "2024.05.14"]
[Round "11"]
[White "Viktoker"]
[Black "DrVelja"]
[Result "0-1"]
[WhiteElo "2375"]
[BlackElo "2907"]
[TimeControl "180+1"]
[EndTime "10:06:48 PDT"]
[Termination "DrVelja won by resignation"]

1. d4 Nf6 2. c4 g6 3. Nc3 Bg7 4. e4 d6 5. h3 O-O 6. Nf3 Na6 7. Be3 e5 8. d5 Nc5 9. Nd2 Nh5 10. g3 a5 11. Be2 Nf6 12. g4 c6 13. h4 Ne8 14. h5 Bf6 15. Nf3 Bxg4 16. hxg6 fxg6 17.
Rg1 Bxf3 18. Bxf3 Bh4 19. Qe2 Qf6 20. Bg4 Bxf2+ 21. Bxf2 Nd3+ 22. Kd2 Nxf2 23. Raf1 Qg5+ 24. Kc2 Nxg4 25. Rxf8+ Kxf8 26. Rxg4 Qf6 27. Rg2 Kg7 28.
Rf2 Qe7 29. Qg4 Nf6 30. Qh4 Re8 31. Rh2 Nh5 32. Qg4 Rf8 33. Rxh5 Rf2+ 34. Kb3 Qc7 35. Ka3 cxd5 36. Na4 dxc4 37. Rxh7+ Kxh7 38. Qh4+ Kg7 39. Qxf2 b5 40. Qb6 b4+ 41. Qxb4 axb4+ 42. Kxb4 g5 0-1